 Dungeon Crawl Stone Soup version 0.31-a0-182-gc5ef74bbde (webtiles) character file.

Game seed: 17923428139441989414

25 olmar the Insei (level 3, 0/39 HPs)
             Began as a Merfolk Transmuter on June 21, 2023.
             Succumbed to an adder's poison
             ... on level 2 of the Dungeon.
             The game lasted 00:01:42 (1046 turns).

olmar the Insei (Merfolk Transmuter)                Turns: 1046, Time: 00:01:43

Health: 0/39       AC: 21    Str: 10    XL:     3   Next: 4%
Magic:  6/6        EV:  2    Int: 14    God:
Gold:   120        SH:  0    Dex: 14    Spells: 3/6 levels left

rFire   . .          .
                       - Unarmed
rCold   . . .        (no shield)
rNeg    . . .        a - melded +0 robe
rPois   +            (helmet currently unavailable)
rElec   .            (cloak currently unavailable)
rCorr   .            m - melded +0 pair of gloves
SInv    .            (boots currently unavailable)
Will    .....        g - amulet of magic regeneration
Stlth   +            (no ring)
HPRegen 0.26/turn    (no ring)
MPRegen 0.50/turn

%: no passive effects
@: lethally poisoned (0 -> -7), tree-form
A: stationary, stasis, torment immunity, boosted hp, (nimble swimmer 2),
(mertail)
a: no special abilities


You were on level 2 of the Dungeon.
You were a tree.
You visited 1 branch of the dungeon, and saw 2 of its levels.

You collected 120 gold pieces.

Inventory:

Armour
 a - a +0 robe (melded)
 m - a +0 pair of gloves (melded)
Jewellery
 g - an amulet of magic regeneration (around neck)
 p - a +6 ring of strength
Scrolls
 c - 2 scrolls of enchant weapon {unknown}
 d - a scroll of poison {unknown}
 f - a scroll of blinking {unknown}
 j - a scroll of teleportation {unknown}
 l - a scroll of fog {unknown}
 n - 3 scrolls of identify {unknown}
 o - a scroll of enchant armour {unknown}
Potions
 e - a potion of heal wounds {unknown}
 h - a potion of curing {unknown}
 i - a potion of mutation {unknown}
 k - a potion of enlightenment {unknown}


   Skills:
 + Level 1.3 Fighting
 + Level 2.8 Dodging
 + Level 0.1 Stealth
 + Level 3.9 Unarmed Combat
 + Level 2.2 Spellcasting
 + Level 3.2 Transmutations


You had 3 spell levels left.
You knew the following spells:

 Your Spells              Type           Power      Damage    Failure   Level
a - Beastly Appendage     Tmut           20%        N/A       6%          1
b - Wereblood             Tmut           10%        N/A       10%         2

Your spell library contained the following spells:

 Spells                   Type           Power      Damage    Failure   Level
 Spider Form              Tmut/Pois      6%         N/A       36%         3
 Ice Form                 Ice/Tmut       6%         N/A       77%         4


Dungeon Overview and Level Annotations

Branches:
Dungeon (2/15)

Altars:

Shops:
D:2 (


Innate Abilities, Weirdness & Mutations

You are a tree.
Your roots penetrate the ground, keeping you stationary.
You cannot be teleported.
You are immune to unholy pain and torment.
Your maximum health is greatly increased.
Your equipment is partially melded.
((You are very nimble when in or above water. (Stealth+, EV+, Speed+++)))
((Your lower body shifts to a powerful aquatic tail in water.))


Message History

You hit the adder.
The adder is severely wounded.
You feel sick. The adder barely misses you.
An adder is nearby!
Casting: Beastly Appendage (safe; 6% risk of failure)
Confirm with . or Enter, or press ? or * to list all spells.
You grow a pair of large bovine horns.
You feel sick. The adder bites you.
You are lethally poisoned!
The adder poisons you! The adder bites you but does no damage.
Unknown command.
You closely miss the adder.
The adder is severely wounded.
You feel very sick. The adder closely misses you.
Unknown command.
You hit the adder but do no damage. Your headbutt misses the adder.
Your punch misses the adder.
The adder is severely wounded.
* * * LOW HITPOINT WARNING * * *
You feel sick. The adder bites you.
* * * LOW HITPOINT WARNING * * *
You are more poisoned.
The adder poisons you!
Really quaff the potion of lignification?
Your horns disappear.
You turn into a tree.
Your +0 pair of gloves melds into your body.
Your +0 robe melds into your body.
Your roots penetrate the ground.
* * * LOW HITPOINT WARNING * * *
You feel very sick.
The adder bites you but does no damage. x2
You barely miss the adder.
The adder is severely wounded.
* * * LOW HITPOINT WARNING * * *
You feel very sick. The adder bites you but does no damage.
Unknown command.
You smack the adder!
You kill the adder!
You die...

#.....<..>......# #.# #
#.####.###...##.# #.# # ####..##
#.# ##.###)### #.# # #......
#.###........# #.# # #.##..#
####(...........# #<# # #.##..#
#.........###...###.## # #.##..#
#.#######............. ###.##..#
#.###########>.######.
........####.##.♣......#..# ##.#
###..........##†##........####.##
# ####..#######. #(###.##.##..##
# #..# #. #.# #.##.##.#.## ##
#..## #. #.# #.##.##.##.# .# #...
.. ..# #.#...#.###. .# #..## #.
### #.......# #. .# #..# #.
#.#...### #. .# #..# #.##†## #.


There were no monsters in sight!

Vanquished Creatures
  An adder (D:2)
  A dart slug (D:2)
  4 endoplasms
  2 goblins
  3 hobgoblins
  A kobold (D:2)
  2 ball pythons (D:1)
  4 bats
  A frilled lizard (D:2)
  2 rats
21 creatures vanquished.

Notes
Turn   | Place    | Note
-------+----------+-------------------------------------------
     0 | D:1      | olmar the Merfolk Transmuter began the quest for the Orb.
     0 | D:1      | Reached XP level 1. HP: 15/15 MP: 3/3
   223 | D:1      | Reached XP level 2. HP: 19/21 MP: 5/5
   228 | D:1      | Learned a level 2 spell: Wereblood
   652 | D:2      | Found a faded altar of an unknown god.
   945 | D:2      | Reached XP level 3. HP: 23/26 MP: 6/6
   971 | D:2      | Found Izott's Weapon Boutique.
  1045 | D:2      | HP: 1/39 [poisoned by an adder]
  1046 | D:2      | Succumbed to an adder's poison

Illustrated notes

Levels and vault maps discovered:
D:1:      amcnicky_arrival_flooded_fountain, layout_rooms
D:2:      layout_loops_ring, dilly_ecumenical_altar_fadedgnrine, serial_shops,
          shop

Skill      XL: |  1 |
---------------+----+-----
Transmutations | 3 |  3.2
Fighting       | |  1.3
Dodging        | |  2.8
Stealth        | |  0.1
Unarmed Combat | |  3.9
Spellcasting   | |  2.2

Action                     || total
---------------------------++-------
  Melee: Unarmed           ||    95
         Headbutt          ||     3
   Cast: Beastly Appendage ||     9
         Wereblood         ||     2
    Use: Potion            ||     1
   Stab: Sleeping          ||     3
 Armour: Robe              ||    31
         Skin              ||     3
  Dodge: Dodged            ||    64

Table legend: (Time is in decaauts)
 A = Elapsed time spent in this place.
 B = Non-inter-level travel time spent in this place.
 C = Inter-level travel time spent in this place.
 D = Time resting spent in this place.
 E = Time spent auto-exploring this place.
 F = Levels seen in this place.
 G = Mean time per level.
                   A        B        C        D        E       F      G
               +--------+--------+--------+--------+--------+-----+--------+
         Total |   1039 |   1030 |      9 |     85 |    680 |   2 |  519.5 |
       Dungeon |   1039 |   1030 |      9 |     85 |    680 |   2 |  519.5 |
               +--------+--------+--------+--------+--------+-----+--------+

Top non-repeatable levels by time:
     D:2: 548 daAuts
     D:1: 490 daAuts
